Map: Dusk Towers

Players

Joe

  • Race: Protoss Protoss
  • League: Master

Miszu - Winner!

  • Race: Terran Terran
  • League: Grandmaster

VOD

Have the link to the VOD?

Description

Time

  • Played on: May 26, 2016, 5:54 p.m.
  • Length: 11:01
Show
View Real Time Build Order
Export as new Build Order

Joe Protoss 

Build Orders: 1 Gate Expand, Blink Stalkers, Colossus Rush 

Get SALT Encoding   

  12  0:00  Probe (Chrono Boost)  
  13  0:11  Probe (Chrono Boost)  
  14  0:18  Pylon  
  14  0:22  Probe (Chrono Boost)  
  15  0:36  Gateway, Probe (Chrono Boost)  
  16  0:44  Assimilator  
  16  0:47  Probe (Chrono Boost)  
  17  0:57  Probe (Chrono Boost)  
  18  1:08  Probe (Chrono Boost)  
  19  1:21  Nexus  
  19  1:32  Cybernetics Core  
  19  1:35  Probe (Chrono Boost)  
  20  1:41  Assimilator  
  20  1:45  Probe (Chrono Boost)  
  21  1:51  Pylon  
  21  1:56  Probe (Chrono Boost)  
  22  2:10  Warp Gate, Mothership Core (Chrono Boost)  
  22  2:13  Adept (Chrono Boost)  
  25  2:28  Probe  
  26  2:32  Probe  
  27  2:38  Adept (Chrono Boost)  
  27  2:41  Probe  
  30  2:50  Probe  
  30  2:52  Twilight Council  
  31  3:04  Adept (Chrono Boost)  
  33  3:07  Probe  
  33  3:09  Probe  
  35  3:19  Probe  
  36  3:20  Robotics Facility, Probe  
  36  3:22  Pylon  
  37  3:30  Blink  
  37  3:32  Probe (Chrono Boost)  
  38  3:34  Probe (Chrono Boost)  
  39  3:43  Probe (Chrono Boost)  
  39  3:46  Probe (Chrono Boost)  
  41  3:56  Probe (Chrono Boost)  
  41  3:57  Probe (Chrono Boost)  
  41  4:01  Nexus  
  43  4:08  Probe (Chrono Boost)  
  43  4:09  Assimilator, Probe (Chrono Boost)  
  45  4:13  Assimilator  
  45  4:18  Probe (Chrono Boost)  
  45  4:19  Probe (Chrono Boost)  
  47  4:29  Probe x2 (Chrono Boost)  
  49  4:33  Pylon  
  49  4:36  Observer (Chrono Boost), Robotics Bay  
  50  4:39  Probe  
  50  4:43  Gateway, Probe  
  50  4:44  Gateway  
  52  4:52  Probe  
  53  4:55  Observer (Chrono Boost)  
  53  4:57  Gateway  
  53  4:59  Sentry, Probe  
  56  5:04  Probe  
  58  5:07  Gateway  
  58  5:09  Probe  
  58  5:11  Pylon, Probe  
  60  5:16  Observer (Chrono Boost), Probe  
  60  5:20  Probe  
  62  5:24  Pylon  
  62  5:26  Sentry, Pylon, Probe  
  68  5:39  Colossus (Chrono Boost)  
  72  5:43  Pylon  
  72  5:45  Pylon  
  72  5:49  Extended Thermal Lance  
  72  5:57  Stalker x3  
  72  6:01  Stalker  
  80  6:04  Probe x2  
  80  6:06  Probe  
  80  6:07  Stalker  
  79  6:21  Adept  
  79  6:22  Adept x2  
  79  6:23  Probe  
  86  6:32  Probe  
  84  6:35  Assimilator  
  84  6:36  Assimilator  
  85  6:42  Probe  
  85  6:45  Probe x2  
  85  6:46  Colossus (Chrono Boost)  
  93  6:48  Pylon  
  93  6:49  Pylon  
  93  6:51  Forge  
  93  6:52  Forge  
  94  6:54  Probe  
  94  6:56  Probe  
  94  6:57  Stalker x2  
  94  7:01  Probe  
  100  7:04  Pylon  
  100  7:06  Pylon, Probe x2  
  103  7:09  Pylon  
  102  7:23  Stalker x4  
  102  7:25  Adept  
  102  7:29  Probe, Gravitic Drive  
  113  7:31  Pylon  
  113  7:34  Probe  
  113  7:35  Protoss Ground Weapons Level 1 (Chrono Boost), Protoss Ground Armor Level 1 (Chrono Boost)  
  114  7:37  Photon Cannon  
  114  7:43  Observer (Chrono Boost)  
  117  7:50  Probe  
  116  8:01  Warp Prism (Chrono Boost)  
  116  8:03  Templar Archives  
  118  8:06  Pylon  
  118  8:08  Photon Cannon  
  118  8:09  Nexus  
  118  8:12  Photon Cannon  
  118  8:15  Probe  
  119  8:25  Photon Cannon  
  119  8:27  Stalker x2, Pylon  
  119  8:28  Photon Cannon  
  122  8:35  Colossus (Chrono Boost)  
  128  8:44  Pylon  
  128  8:46  Nexus  
  128  8:54  Stalker x2  
  128  8:55  Stalker x3  
  136  8:58  Psionic Storm  
  136  9:02  Probe  
  139  9:06  Photon Cannon  
  139  9:08  Photon Cannon  
  139  9:12  Probe  
  139  9:14  Gateway  
  139  9:15  Gateway  
  140  9:18  Gateway  
  140  9:20  High Templar x3  
  140  9:21  High Templar  
  140  9:22  High Templar  
  150  9:24  Probe  
  150  9:25  Probe  
  150  9:31  Assimilator  
  152  9:36  Assimilator  
  150  9:59  Stargate  
  104  10:24  Stalker x3  
  104  10:25  Stalker  
Show
View Real Time Build Order
Export as new Build Order

Miszu Terran - Winner!

Build Orders: Reaper Expand, MMM Bio 

Get SALT Encoding   

  12  0:01  SCV  
  13  0:14  SCV  
  14  0:18  Supply Depot  
  14  0:26  SCV  
  15  0:40  SCV  
  16  0:42  Barracks  
  16  0:45  Refinery  
  16  0:52  SCV  
  17  1:04  SCV  
  18  1:16  SCV  
  19  1:29  Orbital Command  
  19  1:30  Reaper  
  20  1:43  Command Center  
  20  1:50  Supply Depot  
  20  1:54  SCV  
  21  2:03  Barracks Reactor  
  21  2:06  SCV  
  22  2:19  SCV  
  22  2:21  Engineering Bay  
  23  2:23  Barracks  
  23  2:31  SCV  
  24  2:38  Marine, Refinery  
  24  2:39  Marine  
  24  2:43  SCV  
  27  2:57  Marine x2  
  29  2:59  SCV  
  30  3:10  Terran Infantry Weapons Level 1  
  30  3:11  SCV  
  30  3:12  Orbital Command  
  31  3:15  Marine x2, Barracks Tech Lab  
  33  3:23  SCV  
  34  3:33  Marine, Stimpack  
  35  3:34  Marine x2  
  35  3:36  SCV  
  35  3:39  SCV  
  38  3:48  Barracks, SCV  
  39  3:50  Factory  
  39  3:51  Marine, SCV  
  41  3:57  Refinery  
  41  3:58  Marine  
  41  4:00  SCV  
  41  4:01  Marine  
  44  4:03  SCV  
  45  4:10  Supply Depot  
  45  4:12  SCV  
  46  4:22  SCV  
  46  4:32  Marine x2, Marauder, SCV  
  46  4:34  Factory Reactor  
  46  4:35  Starport, Marine  
  52  4:38  Supply Depot  
  52  4:39  SCV  
  52  4:42  Supply Depot  
  52  4:44  SCV  
  54  4:47  Missile Turret  
  54  4:49  Missile Turret  
  54  4:59  Marine x2  
  54  5:00  Marauder, SCV x2  
  54  5:01  Supply Depot  
  54  5:05  Marine, Terran Infantry Armor Level 1  
  61  5:15  SCV x2  
  61  5:17  Marine, Medivac x2  
  61  5:18  Factory Reactor  
  61  5:19  Marine  
  69  5:22  Marauder  
  69  5:24  Supply Depot  
  69  5:27  SCV  
  72  5:35  SCV  
  73  5:39  SCV  
  73  5:42  Marine x2  
  76  5:44  Command Center, Marauder, Combat Shields  
  76  5:47  Barracks Tech Lab  
  78  5:50  SCV  
  78  5:53  Refinery  
  78  5:55  Armory  
  79  5:57  Medivac  
  79  5:59  Medivac  
  79  6:04  SCV x2  
  84  6:08  Supply Depot  
  84  6:16  SCV x2  
  85  6:21  Marine  
  85  6:28  Marauder  
  86  6:34  Marine, Marauder  
  86  6:35  Medivac x2  
  86  6:39  Marine  
  94  6:46  Barracks  
  94  6:48  Barracks  
  94  6:49  Supply Depot  
  94  6:50  Supply Depot  
  94  6:56  SCV x2  
  96  7:08  SCV x2  
  98  7:09  Terran Infantry Weapons Level 2  
  98  7:10  Starport  
  98  7:11  Fusion Core, Liberator  
  99  7:20  SCV x2  
  99  7:21  Orbital Command  
  100  7:24  Refinery x2  
  100  7:25  Marauder  
  105  7:32  SCV x2  
  105  7:33  Liberator  
  105  7:36  Marine x2  
  110  7:39  Barracks Tech Lab  
  109  7:44  SCV x2  
  109  7:48  Marauder  
  109  7:51  Starport Tech Lab  
  116  7:52  SCV  
  116  7:56  SCV  
  116  7:57  Supply Depot  
  116  7:58  Supply Depot, SCV  
  119  7:59  Supply Depot  
  119  8:02  Liberator  
  119  8:03  Liberator  
  119  8:04  Marine, SCV  
  119  8:05  Marine  
  122  8:06  Concussive Shells  
  122  8:07  Marauder  
  122  8:08  Marine  
  125  8:18  Liberator  
  128  8:21  Marine, Advanced Ballistics  
  128  8:22  Marine x3  
  128  8:24  Supply Depot  
  135  8:27  Supply Depot  
  135  8:28  Marauder  
  135  8:29  Supply Depot  
  135  8:33  Marine  
  138  8:40  Marauder  
  143  8:43  Marine x2, Marauder  
  143  8:45  Liberator  
  143  8:46  Liberator  
  146  9:00  Liberator  
  149  9:04  Marine  
  149  9:05  Marine x5, Marauder  
  160  9:18  Supply Depot  
  160  9:19  Supply Depot, SCV  
  160  9:20  Supply Depot  
  160  9:22  Marine  
  160  9:23  Marine x4  
  169  9:28  Liberator  
  169  9:29  Liberator  
  169  9:33  Command Center  
  169  9:37  Marauder  
  175  9:50  Barracks  
  175  9:51  Barracks  
  177  9:53  Barracks  
  177  10:07  Marauder  
  176  10:13  Marine, Marauder  
  176  10:14  Marine x3, Marauder  
  175  10:27  Marine  
  176  10:31  Marine  
  176  10:32  Marine x3  
  176  10:34  Marine x2  
Tags
 
Add a new tag
Caveats
  • Supply blocks, unpowered buildings, or Contaminate may cause inaccurate times.
  • Supply counts are checked every 10 seconds.